 Dungeon Crawl Stone Soup version 0.27-a0-1184-ge86db4a01e (webtiles) character file.

Game seed: 8771979962920461384

10 Shayle the Gusty (level 2, 0/19 HPs)
             Began as a Demonspawn Air Elementalist on May 18, 2021.
             Slain by a jackal (3 damage)
             ... on level 1 of the Dungeon.
             The game lasted 00:02:17 (455 turns).

Shayle the Gusty (Demonspawn Air Elementalist)       Turns: 455, Time: 00:02:18

Health: 0/19       AC:  2    Str:  8    XL:     2   Next: 10%
Magic:  0/5        EV: 12    Int: 16    God:
Gold:   14         SH:  0    Dex: 13    Spells: 4/5 levels left

rFire    . . .     SeeInvis .   (no weapon)
rCold    . . .     Faith    .   (no shield)
rNeg     . . .     Spirit   .   a - +0 robe
rPois    .         Reflect  .   (no helmet)
rElec    .         Harm     .   (no cloak)
rCorr    .         Rampage  .   (no gloves)
Will     .....                  (no boots)
Stlth    ++........             (no amulet)
HPRegen  0.06/turn              (no ring)
MPRegen  0.09/turn              (no ring)

@: very slightly contaminated
A: claws 1
a: no special abilities


You were on level 1 of the Dungeon.
You visited 1 branch of the dungeon, and saw 1 of its levels.

You collected 14 gold pieces.

Inventory:

Armour
 a - a +0 robe (worn)


   Skills:
 - Level 1.7 Dodging
 - Level 1.7 Stealth
 - Level 2.0 Spellcasting
 - Level 1.0 Conjurations
 + Level 3.3 Air Magic


You had 4 spell levels left.
You knew the following spells:

 Your Spells              Type           Power      Damage    Failure   Level
a - Shock                 Conj/Air       32%        1d5       9%          1

Your spell library contained the following spells:

 Spells                   Type           Power      Damage    Failure   Level
 Static Discharge         Conj/Air       8%         N/A       13%         2
 Swiftness                Air            12%        N/A       16%         3
 Airstrike                Air            6%         N/A       47%         4
 Lightning Bolt           Conj/Air       4%         1d15      94%         5


Dungeon Overview and Level Annotations

Branches:
Dungeon (1/15)

Altars:


Innate Abilities, Weirdness & Mutations

You have sharp fingernails.


Message History

Unknown command.
The bat hits you but does no damage.
You hit the jackal but do no damage. The jackal bites you.
* * * LOW HITPOINT WARNING * * *
The jackal barely misses you.
Casting: Shock (safe; 9% risk of failure)
Confirm with . or Enter, or press ? or * to list all spells.
Aiming: Shock (safe; 9% risk of failure)
Press: ? - help, Shift-Dir - straight line, f - jackal
Aim: a jackal (60% to hit)
The zap hits the jackal.
You kill the jackal!
The zap hits the bat.
You kill the bat!
The zap misses the rat.
The zap misses the jackal.
The zap hits the jackal.
The jackal is severely wounded.
The zap hits the jackal but does no damage.
You have reached level 2!
You feel monstrous as your demonic heritage exerts itself.
Your demonic ancestry asserts itself...
Your fingernails lengthen.
Casting: Shock (safe; 9% risk of failure)
Confirm with . or Enter, or press ? or * to list all spells.
Aiming: Shock (safe; 9% risk of failure)
Press: ? - help, Shift-Dir - straight line, f/p - jackal
Aim: a jackal (60% to hit)
You miscast Shock.
You are very lightly contaminated with residual magic.
Nothing appears to happen.
Casting: Shock (safe; 9% risk of failure)
Confirm with . or Enter, or press ? or * to list all spells.
You don't have enough magic to cast this spell.
You scratch the rat but do no damage. You barely miss the rat.
The rat completely misses you.
You closely miss the rat. The rat barely misses you.
You scratch the rat but do no damage. The rat closely misses you.
You scratch the rat.
You kill the rat!
You barely miss the jackal. The jackal barely misses you. The jackal bites you.
You die...

.≈...≈.....≈...
≈≈.≈≈≈.<.≈≈≈.≈≈
...≈.....≈...≈.
.#.≈.≈≈≈.≈.≈≈≈.
.#.≈...≈...≈...
.#.≈≈≈.≈≈≈≈≈.##
.#...≈.........
.#.#.≈≈≈.#########
.#.#...≈....grhh@# >
.#.###.≈≈≈≈h######...
.#...#....≈...h.....#
##########≈h≈≈r≈r≈...
.>.....##......
#....... #....
#......## ...
#......# .. #!.....#


You could see a quokka, 3 jackals and a goblin.

Vanquished Creatures
  2 bats (D:1)
  An endoplasm (D:1)
  A hobgoblin (D:1)
  A jackal (D:1)
  A kobold (D:1)
  A ball python (D:1)
  3 rats (D:1)
10 creatures vanquished.

Notes
Turn   | Place    | Note
-------+----------+-------------------------------------------
     0 | D:1      | Shayle the Demonspawn Air Elementalist began the quest for
                  | the Orb.
     0 | D:1      | Reached XP level 1. HP: 13/13 MP: 3/3
   226 | D:1      | Reached skill level 3 in Air Magic
   449 | D:1      | Gained mutation: You have sharp fingernails. [demonic
                  | ancestry]
   449 | D:1      | Reached XP level 2. HP: 3/19 MP: 1/5
   455 | D:1      | Slain by a jackal

Illustrated notes

Levels and vault maps discovered:
D:1:      psy_arrival_radial02, layout_rooms, nrook_uturn

Skill      XL: |  1 |
---------------+----+-----
Air Magic      | 3 |  3.3
Dodging        | |  1.7
Stealth        | |  1.7
Spellcasting   | |  2.0
Conjurations   | |  1.0

Action                   || total
-------------------------++-------
Melee: Unarmed           ||    19
 Cast: Shock             ||    19
Armor: Robe              ||     9
Dodge: Dodged            ||    22

Table legend: (Time is in decaauts)
 A = Elapsed time spent in this place.
 B = Non-inter-level travel time spent in this place.
 C = Inter-level travel time spent in this place.
 D = Time resting spent in this place.
 E = Time spent auto-exploring this place.
 F = Levels seen in this place.
 G = Mean time per level.
                   A        B        C        D        E       F      G
               +--------+--------+--------+--------+--------+-----+--------+
         Total |    459 |    459 |      0 |    278 |     85 |   1 |  459.0 |
       Dungeon |    459 |    459 |      0 |    278 |     85 |   1 |  459.0 |
               +--------+--------+--------+--------+--------+-----+--------+

Top non-repeatable levels by time:
     D:1: 459 daAuts
